 Dungeon Sprint DCSS version 0.21.0-3-g78d12a8 (webtiles) character file.

3143 wojtek the Severer (level 9, -3/136 HPs)
             Began as a Minotaur Berserker on Jan 12, 2018.
             Was an Elder of Trog.
             Slain by an alligator snapping turtle (26 damage)
             ... in the Dungeon (Sprint VII: "The Pits").
             The game lasted 00:04:18 (1167 turns).

wojtek the Severer (Minotaur Berserker)             Turns: 1167, Time: 00:04:18

Health: -3/136     AC: 24    Str: 31    XL:     9   Next: 61%
Magic:  2/2        EV: 13    Int:  4    God:    Trog [****..]
Gold:   0          SH:  0    Dex:  9    Spells: 8/8 levels left

rFire    . . .     SeeInvis .   t - +4 broad axe (antimagic)
rCold    . . .     Gourm    .   (no shield)
rNeg     . . .     Faith    .   s - +3 plate armour
rPois    .         Spirit   .   (helmet restricted)
rElec    .         Reflect  .   (no cloak)
rCorr    .         Harm     .   (no gloves)
MR       .....     NoTele   +   (no boots)
Stlth    ..........             (no amulet)
HPRegen  0.32/turn              p - +3 ring of protection
MPRegen  0.08/turn              q - +3 ring of protection

@: berserking (expiring), very quick
A: retaliatory headbutt, horns 2
a: Berserk, Trog's Hand, Brothers in Arms, Burn Spellbooks, Renounce Religion


You were in the Dungeon.
You worshipped Trog.
Trog was greatly pleased with you.
You were near starving.

You visited 1 branch

Inventory:

Hand Weapons
 b - a +2 war axe of freezing
 k - a +2 hand axe
 o - a +1 hand axe of freezing
 t - a +4 antimagic broad axe (weapon)
Armour
 s - a +3 plate armour (worn)
Jewellery
 p - a +3 ring of protection (left hand)
 q - a +3 ring of protection (right hand)
Scrolls
 i - a scroll of blinking
 l - 3 scrolls of remove curse
 m - a scroll of summoning
Potions
 a - 2 potions of invisibility
 d - 6 potions of curing
 e - 9 potions of heal wounds
 f - a potion of haste
 g - 4 potions of magic
 h - 3 potions of berserk rage
 j - 2 potions of brilliance
 r - 5 potions of might
Comestibles
 c - 9 rations
 n - 22 chunks of flesh


   Skills:
 + Level 12.3 Fighting
 * Level 16.3 Axes
 + Level 12.0 Armour
 + Level 11.2 Dodging


You had 8 spell levels left.
You didn't know any spells.

Dungeon Overview and Level Annotations

Branches:
Dungeon (1/1)

Altars:


Innate Abilities, Weirdness & Mutations

You reflexively headbutt those who attack you in melee.
You have a pair of horns on your head.


Message History

Your polar bear's corpse disappears in a puff of smoke!
You closely miss the tarantella.
The tarantella is severely wounded.
The alligator snapping turtle hisses angrily.
The tarantella misses you.
You miss the tarantella. You headbutt the tarantella!
The tarantella is almost dead.
The red devil hits you but does no damage.
The alligator snapping turtle bites you from afar.
* * * LOW HITPOINT WARNING * * *
You closely miss the tarantella.
The tarantella is almost dead.
The tarantella bites you but does no damage.
You open the tarantella like a pillowcase!!!
You kill the tarantella!
Trog accepts your kill.
You can now call in reinforcements.
Your Armour skill increases to level 12!
The red devil completely misses you.
The alligator snapping turtle bites you from afar!!
You die...

.# ##''## ###..+ #..
.###....###....# ..#
.##.....)#÷...# ...#
###......))...+ ....+
###......#...)## #....#
[###....###....##+##.....#
[# ##''## ###..'%.4'..# )#
#..).# ####.†t###
)##......# ##..@....##
.##......# #.........#
########## ###########


You could see an alligator snapping turtle and a red devil.

Vanquished Creatures
  An orc sorcerer (D)
  A wolf spider (D)
  A black mamba (D)
  A shadow (D)
  A tarantella (D)
  An ice beast (D)
  An ogre (D)
  A wolf (D)
  A scorpion (D)
  A crimson imp (D)
  A hound (D)
  3 worker ants (D)
  2 hell rats (D)
  A gnoll (D)
  An adder (D)
  A white imp (D)
  A worm (D)
  2 leopard geckos (D)
  An orc (D)
  A bat skeleton (D)
  4 jackals (D)
  2 frilled lizards (D)
  2 kobolds (D)
32 creatures vanquished.

Vanquished Creatures (collateral kills)
  A deep troll (D)
  A rime drake (D)
  An ice devil (D)
  A snapping turtle (D)
  A spriggan (D)
  A hungry ghost (D)
  A soldier ant (D)
  A centaur (D)
  6 wolves (D)
  A crocodile (D)
  A hobgoblin (D)
16 creatures vanquished.

Grand Total: 48 creatures vanquished

Notes
Turn   | Place    | Note
-------+----------+-------------------------------------------
     0 | D        | wojtek the Minotaur Berserker began the quest for the Orb.
     0 | D        | Reached XP level 1. HP: 19/19 MP: 0/0
    12 | D        | Reached skill level 4 in Axes
    12 | D        | Reached XP level 2. HP: 16/27 MP: 1/1
   191 | D        | Reached ** piety under Trog
   191 | D        | Reached skill level 5 in Axes
   223 | D        | Reached skill level 5 in Fighting
   223 | D        | Reached skill level 6 in Axes
   223 | D        | Reached XP level 3. HP: 35/36 MP: 2/2
   225 | D        | Reached *** piety under Trog
   228 | D        | Reached **** piety under Trog
   345 | D        | Noticed a centaur
   346 | D        | Noticed a wolf
   346 | D        | Noticed a hungry ghost
   351 | D        | Killed a centaur
   351 | D        | Reached skill level 7 in Axes
   351 | D        | Reached skill level 5 in Armour
   351 | D        | Reached XP level 4. HP: 19/44 MP: 3/3
   353 | D        | Killed a wolf
   353 | D        | Reached skill level 8 in Axes
   353 | D        | Reached skill level 5 in Dodging
   353 | D        | Reached XP level 5. HP: 23/51 MP: 4/4
   357 | D        | Killed a hungry ghost
   357 | D        | Reached skill level 10 in Axes
   381 | D        | Noticed an ice beast
   387 | D        | Killed an ice beast
   387 | D        | Reached ***** piety under Trog
   387 | D        | Reached XP level 6. HP: 25/61 MP: 5/5
   585 | D        | Reached skill level 11 in Axes
   645 | D        | Noticed a shadow
   647 | D        | Reached XP level 7. HP: 69/69 MP: 6/6
   648 | D        | Received a gift from Trog
   654 | D        | Killed a shadow
   654 | D        | Reached skill level 12 in Axes
   946 | D        | Noticed a rime drake
   950 | D        | Killed a rime drake
   951 | D        | Reached skill level 13 in Axes
  1019 | D        | Reached skill level 10 in Fighting
  1030 | D        | Noticed an orc sorcerer
  1030 | D        | Noticed a spriggan
  1030 | D        | Reached XP level 8. HP: 79/79 MP: 7/7
  1031 | D        | Received a gift from Trog
  1033 | D        | Reached skill level 10 in Armour
  1035 | D        | Paralysed by an orc sorcerer for 2 turns
  1040 | D        | Reached skill level 14 in Axes
  1041 | D        | Killed an orc sorcerer
  1041 | D        | Received a gift from Trog
  1041 | D        | Reached skill level 10 in Dodging
  1107 | D        | Noticed a black mamba
  1112 | D        | Noticed an ice devil
  1112 | D        | Noticed a snapping turtle
  1118 | D        | Killed a black mamba
  1118 | D        | Reached skill level 15 in Axes
  1118 | D        | Reached XP level 9. HP: 31/89 MP: 2/8
  1118 | D        | Killed an ice devil
  1144 | D        | Noticed a wolf spider
  1144 | D        | Noticed a red devil
  1144 | D        | Noticed a deep troll
  1146 | D        | Killed a deep troll
  1148 | D        | Noticed an alligator snapping turtle
  1156 | D        | HP: 4/90 [alligator snapping turtle (33)]
  1162 | D        | Killed a wolf spider
  1162 | D        | Reached skill level 16 in Axes
  1167 | D        | Slain by an alligator snapping turtle

Skill      XL: |  1  2  3  4  5  6  7  8  9 |
---------------+----------------------------+-----
Fighting       | 4 5 6 8 10 11 12 | 12.3
Axes           | 4 6 7 8 10 11 13 15 16 | 16.3
Armour         | 3 4 5 7 8 9 11 12 | 12.0
Dodging        | 3 4 5 6 7 8 10 11 | 11.2

Action                   |  1- 3 |  4- 6 |  7- 9 || total
-------------------------+-------+-------+-------++-------
Melee: Hand axe          |    23 |    26 |     7 ||    56
       Headbutt          |     2 |     2 |     6 ||    10
       War axe           |       |       |    13 ||    13
       Broad axe         |       |       |    14 ||    14
Invok: Brothers in Arms  |     1 |       |     6 ||     7
       Berserk           |       |     1 |     1 ||     2
  Use: Potion            |       |       |     2 ||     2
  Eat: Chunk             |       |     3 |     3 ||     6
Armor: Animal skin       |     4 |       |       ||     4
       Chain mail        |     3 |    16 |       ||    19
       Plate armour      |       |       |    30 ||    30
Dodge: Dodged            |    22 |     9 |    27 ||    58
